 Dungeon Crawl Stone Soup version 0.24.0-125-gc4c63601f3 (webtiles) character file.

Game seed: 17288423966862950029, levelgen mode: deterministic

357960 Peloso the Minotaur Barricade (level 21, -5/200 HPs)
             Began as a Minotaur Fighter on Mar 11, 2020.
             Was the Champion of Okawaru.
             Slain by an ironheart preserver
             ... wielding a +0 morningstar
              (17 damage)
             ... while paralysed by an ogre mage
             ... on level 3 of the Vaults on Mar 12, 2020.
             The game lasted 02:54:25 (53634 turns).

Peloso the Minotaur Barricade (Minotaur Fighter)   Turns: 53634, Time: 02:54:26

Health: -5/200     AC: 32    Str: 51    XL:     21   Next: 42%
Magic:  23/23      EV:  2    Int: 12    God:    Okawaru [******]
Gold:   1770       SH:  0    Dex:  8    Spells: 20/20 levels left

rFire    . . .     SeeInvis +   a - +5 falchion "Ypteteag" {vamp, rPois Str+4}
rCold    + . .     Gourm    .   c - +1 large shield {AC+3}
rNeg     . . .     Faith    .   V - +8 plate armour of Baldness {rF- Str+4}
rPois    +         Spirit   .   G - +2 hat of the Hall of Blades {Slay+2}
rElec    +         Reflect  +   d - scarf {rC+ rF+}
rCorr    +         Harm     .   E - +2 pair of gloves "Isiut" {rElec Str+7 Int+4}
MR       +....                  n - +1 pair of boots of Emozogg {rElec rCorr}
Stlth    ..........             O - +6 amulet of reflection
HPRegen  0.43/turn              r - ring of see invisible
MPRegen  0.18/turn              R - ring of the Kangaroo {+Fly Str+7 Int+5}

@: paralysed, lethally poisoned (-5 -> -28), heroism, corroded
A: retaliatory headbutt, horns 2, clumsy 2, dopey 1
}: 2/15 runes: decaying, serpentine
a: Heroism, Finesse, Renounce Religion, Evoke Flight


You were on level 3 of the Vaults.
You worshipped Okawaru.
Okawaru was exalted by your worship.
You were not hungry.

You visited 7 branches of the dungeon, and saw 37 of its levels.
You visited the Abyss 1 time.
You also visited: Bailey and Gauntlet.

You collected 4177 gold pieces.
You spent 2407 gold pieces at shops.

Inventory:

Hand Weapons
 a - the +5 falchion "Ypteteag" (weapon) {vamp, rPois Str+4}
   (Okawaru gifted it to you on level 11 of the Dungeon)

   It inflicts no extra harm, but heals its wielder when it wounds a living foe.
   It affects your strength (+4).
   It protects you from poison.
 b - a +2 scimitar of flaming
 t - the +4 hand crossbow "Vetal" {elec, rC+ Str+8 Int-4}
   (Okawaru gifted it to you on level 2 of the Elven Halls)

   It charges the ammunition it shoots with electricity; occasionally upon a
   hit, such missiles may discharge and cause terrible harm.
   It affects your strength (+8).
   It affects your intelligence (-4).
   It protects you from cold.
Armour
 c - a +1 large shield of protection (worn)
 d - a scarf of resistance (worn)
 m - a +0 pair of boots of flying
 n - the +1 pair of boots of Emozogg (worn) {rElec rCorr}
   (You found it in a Gauntlet)

   It insulates you from electricity.
   It provides partial protection from all sources of acid and corrosion.
 E - the +2 pair of gloves "Isiut" (worn) {rElec Str+7 Int+4}
   (Okawaru gifted it to you on level 2 of the Snake Pit)

   It affects your strength (+7).
   It affects your intelligence (+4).
   It insulates you from electricity.
 G - the +2 hat of the Hall of Blades (worn) {Slay+2}
   (Okawaru gifted it to you on level 13 of the Dungeon)

   It affects your accuracy and damage with ranged weapons and melee attacks
   (+2).
 V - the +8 plate armour of Baldness (worn) {rF- Str+4}
   (Okawaru gifted it to you on level 4 of the Swamp)

   It affects your strength (+4).
   It makes you vulnerable to fire.
Jewellery
 r - a ring of see invisible (left hand)
 A - an uncursed ring of protection from magic
 C - a cursed -3 ring of strength
 O - a +6 amulet of reflection (around neck)
 R - the ring of the Kangaroo (right hand) {+Fly Str+7 Int+5}
   (You bought it in a shop on level 2 of the Orcish Mines)

   [ring of intelligence]

   It affects your strength (+7).
   It affects your intelligence (+5).
   It lets you fly.
Wands
 I - a wand of digging (7)
 J - a wand of iceblast (10)
Scrolls
 e - 32 scrolls of remove curse
 g - 9 scrolls of fear
 h - 12 scrolls of teleportation
 i - a scroll of amnesia
 p - 16 scrolls of identify
 w - a scroll of summoning
 x - 2 scrolls of enchant weapon
 y - a scroll of fog
 D - a scroll of blinking
 H - 3 scrolls of magic mapping
 S - 5 scrolls of noise
Potions
 l - 5 potions of mutation
 o - 8 potions of curing
 q - 6 potions of might
 u - a potion of invisibility
 v - 6 potions of haste
 B - 4 potions of flight
 F - 7 potions of heal wounds
 M - a potion of experience
 P - 4 potions of resistance
 Q - 5 potions of agility
Miscellaneous
 j - a box of beasts
 k - a lightning rod (4/4)
 s - a fan of gales
Comestibles
 f - 55 rations
 z - 4 chunks of flesh


   Skills:
 + Level 19.7(24.7) Fighting
 + Level 19.7(24.7) Long Blades
 + Level 18.4(23.4) Armour
 + Level 6.2(11.2) Dodging
 + Level 3.4(8.4) Stealth
 O Level 27 Shields
 + Level 4.3 Invocations
 + Level 1.0 Evocations


You had 20 spell levels left.
You didn't know any spells.
Your spell library contained the following spells:

 Spells                   Type           Power        Failure   Level  Hunger
 Animate Skeleton         Necr           N/A          56%         1    ##.....
 Apportation              Tloc           #.....       56%         1    ##.....
 Confusing Touch          Hex            #.....       56%         1    ##.....
 Corona                   Hex            #......      56%         1    ##.....
 Freeze                   Ice            #...         56%         1    ##.....
 Magic Dart               Conj           #...         56%         1    ##.....
 Sandblast                Erth           #.....       56%         1    ##.....
 Sting                    Conj/Pois      #...         56%         1    ##.....
 Summon Small Mammal      Summ           #...         56%         1    ##.....
 Blink                    Tloc           N/A          71%         2    ###....
 Call Imp                 Summ           #.......     71%         2    ###....
 Passwall                 Tmut/Erth      #.......     71%         2    ###....
 Poisonous Vapours        Pois/Air       #.....       71%         2    ###....
 Slow                     Hex            #.......     71%         2    ###....
 Confuse                  Hex            #.......     90%         3    ####...
 Conjure Flame            Conj/Fire      #.......     90%         3    ####...
 Gell's Gravitas          Tloc           #.........   90%         3    ####...
 Ignite Poison            Fire/Tmut/Pois #.......     90%         3    ####...
 Inner Flame              Hex/Fire       #.......     90%         3    ####...
 Mephitic Cloud           Conj/Pois/Air  #.......     90%         3    ####...
 Portal Projectile        Hex/Tloc       #.....       90%         3    ####...
 Recall                   Summ/Tloc      N/A          90%         3    ####...
 Stone Arrow              Conj/Erth      #.....       90%         3    ####...
 Teleport Other           Tloc           #.......     90%         3    ####...
 Animate Dead             Necr           N/A          100%        4    #####..
 Cause Fear               Hex            #.........   100%        4    #####..
 Leda's Liquefaction      Hex/Erth       #.........   100%        4    #####..
 Olgreb's Toxic Radiance  Pois           #.......     100%        4    #####..
 Passage of Golubria      Tloc           N/A          100%        4    #####..
 Petrify                  Tmut/Erth      #.......     100%        4    #####..
 Bolt of Magma            Conj/Fire/Erth #.........   100%        5    ######.
 Borgnjor's Vile Clutch   Necr/Erth      #.........   100%        5    ######.
 Fireball                 Conj/Fire      #.........   100%        5    ######.
 Iskenderun's Battlesphe  Conj/Chrm      #.......     100%        5    ######.
 Lee's Rapid Deconstruct  Erth           #.........   100%        5    ######.
 Metabolic Englaciation   Hex/Ice        #.........   100%        5    ######.
 Silence                  Hex/Air        #.........   100%        5    ######.
 Venom Bolt               Conj/Pois      #.........   100%        5    ######.
 Yara's Violent Unravell  Hex/Tmut       #.........   100%        5    ######.
 Bolt of Cold             Conj/Ice       #.........   100%        6    #######
 Bolt of Fire             Conj/Fire      #.........   100%        6    #######
 Death Channel            Necr           #.........   100%        6    #######
 Deflect Missiles         Chrm/Air       #.........   100%        6    #######
 Freezing Cloud           Conj/Ice/Air   #.........   100%        6    #######
 Iron Shot                Conj/Erth      #.........   100%        6    #######
 Poison Arrow             Conj/Pois      #.........   100%        6    #######
 Simulacrum               Ice/Necr       #.........   100%        6    #######
 Orb of Destruction       Conj           #.........   100%        7    #######
 Ring of Flames           Chrm/Fire      #.........   100%        7    #######
 Spellforged Servitor     Conj/Summ      #.........   100%        7    #######
 Chain Lightning          Conj/Air       #.........   100%        8    #######
 Discord                  Hex            #.........   100%        8    #######
 Ignition                 Fire           #.........   100%        8    #######
 Lehudib's Crystal Spear  Conj/Erth      #.........   100%        8    #######
 Fire Storm               Conj/Fire      #.........   100%        9    #######
 Glaciate                 Conj/Ice       #.........   100%        9    #######


Dungeon Overview and Level Annotations

Branches:
Dungeon (15/15)            Temple (0/1) D:4            Lair (6/6) D:11
  Swamp (4/4) Lair:3        Snake (4/4) Lair:4        Slime (0/5) Lair:6
    Orc (2/2) D:9             Elf (3/3) Orc:2        Vaults (3/5) D:13
 Depths (0/5) D:15         Bailey (visited)         Gauntlet (visited)
  Crypt: Vaults:2-3

Altars:
Elyvilon
Fedhas
Hepliaklqana
Makhleb
Okawaru
Qazlal
Sif Muna
Uskayaw
Wu Jian
Xom
Yredelemnul
The Shining One
Beogh

Shops:
D:6 }   D:8 :   D:12 [   Orc:2 =%*:=   Snake:1 }%(   Snake:4 *[?(   Vaults:2 *

Portals:
Trove: D:13 (give +6 demon whip)

Annotations:
Vaults:3 Boris


Innate Abilities, Weirdness & Mutations

You reflexively headbutt those who attack you in melee.
You have a pair of horns on your head.
You are very clumsy. (Dex -4)
You are dopey. (Int -2)


Message History

Boris hits you but does no damage. Boris touches you but does no damage.
The ironheart preserver hits you but does no damage.
The yaktaur hits you!
* * * LOW HITPOINT WARNING * * *
The ogre mage hits you but does no damage.
The ogre hits you with a +0 giant club!
* * * LOW HITPOINT WARNING * * *
The redback bites you but does no damage.
The two-headed ogre hits you but does no damage. x2
You feel very sick.
The ogre mage hits you but does no damage.
The yaktaur captain hits you!
* * * LOW HITPOINT WARNING * * *
The redback bites you but does no damage.
Boris hits you.
* * * LOW HITPOINT WARNING * * *
Boris touches you but does no damage. The yaktaur hits you!
* * * LOW HITPOINT WARNING * * *
The ironheart preserver hits you with a +0 morningstar!
You die...

...............
................
.....$...........
..%.............(
#................
#........p....(..
#.....).OOcc..((.
#.)....Os@cc.....
#.......pLO......
#.....(..c.......
#................
#.....############
#.....#..........#
#.....#..........#
#.....#..........#
########.....#...><.....#


You could see Boris (invisible), an ironheart preserver, a yaktaur captain, a
two-headed ogre, an ogre mage, an ironbrand convoker, 4 yaktaurs, a redback and
2 ogres.

Vanquished Creatures
  An ancient lich (Abyss:3)
  Mara (Snake:3)
  the Lernaean hydra (Swamp:4)
  Nikola (Snake:4)
  Asterion (Snake:4)
  4 deep elf blademasters (Elf:3)
  2 sphinxes
  2 tentacled starspawn (Abyss:3)
  Kirke (Lair:6)
  6 thorn hunters
  Donald (Elf:1)
  Roxanne (Elf:1)
  10 nagarajas
  A fire giant (D:11)
  Louise (Swamp:1)
  7 deep elf sorcerers
  3 deep elf elementalists (Elf:3)
  8 vault wardens
  4 very ugly things
  An entropy weaver (Vaults:3)
  6 ironheart preservers
  Nessos (Orc:2)
  A deep elf demonologist (Elf:3)
  A minotaur (Gauntlet)
  5 deep elf annihilators
  A dire elephant (D:15)
  2 deep elf death magi (Elf:3)
  An ettin (Vaults:2)
  5 ogre magi
  3 yaktaur captains
  5 deep elf high priests (Elf:3)
  16 vault guards
  20 hydras
  4 ghost crabs
  Erica (D:8)
  13 naga warriors (Snake:4)
  3 shambling mangroves
  4 catoblepae (Lair:6)
  A death knight (D:14)
  3 centaur warriors
  An anaconda (shapeshifter) (Gauntlet)
  7 anacondas
  25 two-headed ogres
  9 alligators
  8 death yaks (Lair:6)
  A tengu warrior (D:10)
  24 dancing weapons
  A deep troll shaman (Vaults:2)
  3 shock serpents
  4 orc high priests
  Urug (Orc:2)
  9 naga sharpshooters
  16 deep elf knights
  5 hell knights (Abyss:3)
  A fire crab (Gauntlet)
  6 salamander mystics
  A large abomination (Elf:3)
  8 skeletal warriors
  4 deep trolls (Vaults:2)
  A shadow wraith (Vaults:2)
  4 unseen horrors
  A tengu zombie (Vaults:2)
  3 wizards
  A deep troll (shapeshifter) (Vaults:3)
  14 naga ritualists
  14 swamp dragons
  A glowing orange brain (Abyss:3)
  11 deep elf archers
  3 ironbrand convokers
  2 wolf spiders (Vaults:2)
  7 orc knights
  A wolf spider zombie (D:14)
  9 cyclopes
  2 manticores (Lair:6)
  5 oklob plants
  10 orc sorcerers
  13 mana vipers
  4 necromancers
  39 ugly things
  48 deep elf magi
  13 salamanders
  15 elephants
  An elephant (shapeshifter) (D:15)
  A rust devil (Gauntlet)
  30 black mambas
  A stone giant skeleton (Vaults:2)
  2 frost giant skeletons (Vaults:2)
  12 naga magi
  7 guardian serpents (Snake:4)
  4 vault sentinels
  2 gargoyles
  A yaktaur zombie (Vaults:2)
  18 spiny frogs
  A kobold demonologist (D:15)
  13 yaktaurs
  An efreet (D:14)
  12 komodo dragons
  A yaktaur (shapeshifter) (Vaults:2)
  2 centaur skeletons
  2 rime drakes
  A queen bee (shapeshifter) (Vaults:1)
  2 yaktaur skeletons
  2 guardian mummies (D:13)
  2 freezing wraiths (Vaults:1)
  An ancient zyme (Abyss:3)
  A jumping spider (shapeshifter) (Elf:1)
  A wolf spider simulacrum (D:15)
  13 hornets
  4 polar bears
  A merfolk (D:15)
  10 bog bodies
  12 hippogriffs
  A sphinx simulacrum (Vaults:1)
  8 trolls
  8 tyrant leeches
  A fire giant simulacrum (Vaults:1)
  24 blink frogs
  4 raiju (Abyss:3)
  34 slime creatures
  Sigmund (D:4)
  2 air elementals
  A ynoxinul (Gauntlet)
  2 ettin skeletons (Vaults:2)
  10 hogs
  5 wraiths
  A tarantella (shapeshifter) (Vaults:1)
  A vampire (D:10)
  2 spriggans (Swamp:1)
  4 water elementals
  9 fire bats
  2 fire elementals (Elf:2)
  2 humans
  46 yaks
  5 basilisks
  3 wyverns
  2 humans (shapeshifter)
  Eustachio (D:6)
  A golden eye (Abyss:3)
  A golden eye (shapeshifter) (Vaults:1)
  2 hogs (shapeshifter)
  3 hungry ghosts
  20 vampire mosquitoes
  A neqoxec (Abyss:3)
  2 steam dragons
  10 swamp worms
  49 nagas
  7 wargs
  A soldier ant (D:13)
  24 insubstantial wisps
  3 acid dragons
  13 water moccasins
  2 hell hounds (Gauntlet)
  3 sky beasts
  5 porcupines
  8 swamp drakes
  A floating eye (shapeshifter) (Vaults:1)
  53 orc warriors
  2 black bears (D:11)
  An eye of draining (D:10)
  3 phantoms
  3 ice beasts
  6 boggarts
  18 ogres
  14 wolves
  2 necrophages
  24 centaurs
  15 crocodiles
  A big kobold (shapeshifter) (Elf:2)
  2 big kobolds
  16 bullfrogs
  4 earth elementals
  A gnoll sergeant (Orc:2)
  A deep troll simulacrum (Vaults:2)
  4 scorpions
  A troll zombie (D:9)
  2 human simulacra
  5 killer bees (D:9)
  A wight (D:9)
  5 howler monkeys
  2 electric eels (Lair:3)
  3 crimson imps
  3 centaur zombies
  5 hounds
  2 quasits
  23 orc priests
  6 jellies
  6 human zombies
  3 iron imps (Gauntlet)
  5 iguanas
  Jessica (D:2)
  3 bullfrog skeletons
  4 human skeletons
  Natasha (thrice) (D:3)
  39 orc wizards
  11 worker ants
  A hound zombie (D:5)
  2 mummies (D:9)
  A hound skeleton (D:10)
  2 worker ant zombies
  18 adders
  9 gnolls
  9 shadow imps
  2 oozes
  2 adder zombies
  3 adder skeletons
  3 worms
  6 dart slugs
  3 leopard geckos
  126 orcs
  2 ball pythons
  7 giant cockroaches
  11 goblins
  16 hobgoblins
  6 jackals
  17 kobolds
  7 quokkas
  4 bats
  5 frilled lizards
  3 leopard gecko skeletons
  An orc skeleton (D:9)
  10 rats
  5 briar patches (Swamp:3)
  A bush (Lair:3)
  A butterfly (Lair:3)
  3 crawling corpses (Elf:3)
  6 fungi
  4 plants
  A starspawn tentacle (Abyss:3)
1604 creatures vanquished.

Vanquished Creatures (others)
  2 deep elf master archers (Elf:3)
  A yaktaur captain (Vaults:2)
  3 naga sharpshooters (Snake:4)
  A cyclops (D:15)
  A naga mage (Snake:1)
  8 yaktaurs
  A troll (D:15)
  A hornet (Swamp:2)
  2 spriggans (Swamp:2)
  2 nagas (Snake:4)
  A sky beast (Abyss:3)
  An ogre (Vaults:3)
  An orc wizard (D:4)
  2 orcs
  A briar patch (Swamp:3)
  6 fungi
  2 plants
  8 starspawn tentacles (Abyss:3)
  5 toadstools (D:1)
49 creatures vanquished.

Grand Total: 1653 creatures vanquished

Notes
Turn   | Place    | Note
-------+----------+-------------------------------------------
     0 | D:1      | Peloso the Minotaur Fighter began the quest for the Orb.
     0 | D:1      | Reached XP level 1. HP: 19/19 MP: 0/0
   174 | D:1      | Reached XP level 2. HP: 22/27 MP: 1/1
   212 | D:1      | Reached skill level 4 in Shields
   804 | D:2      | Reached XP level 3. HP: 28/33 MP: 2/2
  1011 | D:2      | Noticed Jessica
  1015 | D:2      | Killed Jessica
  1058 | D:2      | Reached XP level 4. HP: 40/40 MP: 3/3
  1284 | D:2      | Found an ornate altar of the Wu Jian Council.
  1709 | D:3      | Found a hazy altar of Hepliaklqana.
  1709 | D:3      | Noticed Natasha
  1712 | D:3      | Killed Natasha
  1743 | D:3      | Found an iron altar of Okawaru.
  1755 | D:3      | Became a worshipper of Warmaster Okawaru
  1838 | D:3      | Noticed Natasha
  1853 | D:3      | Killed Natasha
  1853 | D:3      | Reached XP level 5. HP: 16/47 MP: 4/4
  2199 | D:3      | Noticed Natasha
  2206 | D:3      | Killed Natasha
  2634 | D:3      | Found a white marble altar of Elyvilon.
  2816 | D:4      | Noticed an ogre
  2827 | D:4      | Killed an ogre
  2827 | D:4      | Reached skill level 5 in Long Blades
  2827 | D:4      | Reached skill level 5 in Armour
  2827 | D:4      | Reached skill level 1 in Dodging
  2827 | D:4      | Reached XP level 6. HP: 36/53 MP: 5/5
  2926 | D:4      | Noticed Sigmund
  2937 | D:4      | Killed Sigmund
  2937 | D:4      | Reached * piety under Okawaru
  2937 | D:4      | Reached skill level 5 in Shields
  3280 | D:4      | Reached XP level 7. HP: 25/60 MP: 6/6
  3813 | D:4      | Found a staircase to the Ecumenical Temple.
  3941 | D:4      | Reached skill level 5 in Fighting
  4156 | D:5      | Entered Level 5 of the Dungeon
  4339 | D:5      | Reached ** piety under Okawaru
  4356 | D:5      | Got a scorched trident
  4357 | D:5      | Identified the +1 trident of Rorar {drain, Dex+6} (You
                  | found it on level 5 of the Dungeon)
  4674 | D:5      | Reached XP level 8. HP: 58/69 MP: 7/7
  4817 | D:6      | Found Efat's Gadget Boutique.
  4864 | D:6      | Reached skill level 6 in Shields
  5115 | D:6      | Reached *** piety under Okawaru
  5233 | D:6      | Got a twitching copper ring
  5235 | D:6      | Identified the ring "Jeraat" {rElec rN+ MR- Dex+6} (You
                  | found it on level 6 of the Dungeon)
  5651 | D:6      | Found a stormy altar of Qazlal.
  5652 | D:6      | Noticed Eustachio
  5656 | D:6      | Found a shimmering blue altar of Sif Muna.
  5677 | D:6      | Killed Eustachio
  5901 | D:6      | Found a hide-covered altar of Uskayaw.
  6311 | D:6      | Reached XP level 9. HP: 68/75 MP: 8/8
  6377 | D:7      | Reached skill level 7 in Shields
  6402 | D:7      | Reached **** piety under Okawaru
  7107 | D:8      | Found Iruoroics's Book Shop.
  7114 | D:8      | Noticed Erica
  7305 | D:8      | Killed Erica
  7305 | D:8      | Reached skill level 10 in Long Blades
  7305 | D:8      | Reached skill level 8 in Shields
  7305 | D:8      | Reached skill level 1 in Invocations
  7479 | D:8      | Reached ***** piety under Okawaru
  7479 | D:8      | Reached XP level 10. HP: 84/86 MP: 9/9
  7498 | D:8      | Reached skill level 9 in Shields
  8400 | D:9      | Found a flagged portal.
  8442 | Bailey   | Entered a bailey
 10933 | Bailey   | Reached skill level 1 in Stealth
 11092 | Bailey   | Noticed an orc knight
 11099 | Bailey   | Reached skill level 10 in Shields
 11105 | Bailey   | Killed an orc knight
 11930 | D:9      | Reached skill level 10 in Armour
 11947 | D:9      | Received a gift from Okawaru
 11947 | D:9      | Reached skill level 11 in Shields
 12166 | D:9      | Reached XP level 11. HP: 33/95 MP: 8/11
 12205 | D:9      | Found a staircase to the Orcish Mines.
 12327 | D:9      | Received a gift from Okawaru
 12608 | D:9      | Found a basalt altar of Yredelemnul.
 12860 | D:10     | Entered Level 10 of the Dungeon
 13167 | D:10     | Found a burning altar of Makhleb.
 13179 | D:10     | Noticed a tengu warrior
 13190 | D:10     | Killed a tengu warrior
 13201 | D:10     | Identified the Papyrus of the Ashen Voyage
 13209 | D:10     | Identified Taree's Handbook of Nocuous Stones
 13218 | D:10     | Got a shimmering rapier
 13228 | D:10     | Identified the +8 rapier "Ecinomef" {holy, Int-2 Dex+6}
                  | (You found it on level 10 of the Dungeon)
 13415 | D:10     | Noticed a two-headed ogre
 13426 | D:10     | Killed a two-headed ogre
 13426 | D:10     | Received a gift from Okawaru
 13817 | D:11     | Found a gate leading to a gauntlet.
 13846 | Gauntlet | Entered a Gauntlet
 13846 | Gauntlet | Found a transporter.
 13846 | Gauntlet | Found a transporter.
 13850 | Gauntlet | Found a transporter.
 13854 | Gauntlet | Found a transporter.
 13871 | Gauntlet | Found a transporter.
 13875 | Gauntlet | Found a transporter.
 13894 | Gauntlet | Found a transporter.
 13896 | Gauntlet | Noticed a fire crab
 13987 | Gauntlet | Found a transporter.
 13991 | Gauntlet | Found a transporter.
 14010 | Gauntlet | Found a transporter.
 14012 | Gauntlet | Found a transporter.
 14013 | Gauntlet | Noticed an oklob plant
 14024 | Gauntlet | Found a transporter.
 14060 | Gauntlet | Noticed a fire crab
 14060 | Gauntlet | a guardian serpent changed into a fire crab
 14062 | Gauntlet | Noticed a sea snake
 14107 | Gauntlet | Reached skill level 10 in Fighting
 14162 | Gauntlet | Noticed a swamp dragon
 14162 | Gauntlet | an elephant changed into a swamp dragon
 14169 | Gauntlet | a swamp dragon changed into an elephant
 14172 | Gauntlet | Noticed a death drake
 14172 | Gauntlet | a manticore changed into a death drake
 14201 | Gauntlet | a death drake changed into a guardian serpent
 14256 | Gauntlet | Noticed a harpy
 14256 | Gauntlet | a polar bear changed into a harpy
 14270 | Gauntlet | Noticed a death drake
 14270 | Gauntlet | a redback changed into a death drake
 14282 | Gauntlet | a death drake changed into a floating eye
 14294 | Gauntlet | a harpy changed into a wind drake
 14341 | Gauntlet | Noticed an anaconda
 14341 | Gauntlet | a merfolk changed into an anaconda
 14384 | Gauntlet | Killed an anaconda
 14438 | Gauntlet | Reached skill level 12 in Shields
 14441 | Gauntlet | Killed a fire crab
 14451 | Gauntlet | Got a pair of faintly glowing boots
 14457 | Gauntlet | Identified the +1 pair of boots of Emozogg {rElec rCorr}
                  | (You found it in a Gauntlet)
 14556 | Gauntlet | Noticed a minotaur
 14571 | Gauntlet | Killed a minotaur
 14571 | Gauntlet | Reached XP level 12. HP: 77/106 MP: 6/13
 14727 | D:11     | Noticed a two-headed ogre
 14739 | D:11     | Killed a two-headed ogre
 14743 | D:11     | Noticed a fire giant
 14763 | D:11     | Killed a fire giant
 14941 | D:11     | Found a blossoming altar of Fedhas.
 14947 | D:11     | Noticed a six-headed hydra
 14957 | D:11     | Killed a three-headed hydra
 15036 | D:11     | Found a staircase to the Lair.
 15073 | D:11     | Reached ****** piety under Okawaru
 15073 | D:11     | Received a gift from Okawaru
 15076 | D:11     | Noticed a five-headed hydra
 15082 | D:11     | Killed a one-headed hydra
 15082 | D:11     | Reached skill level 13 in Shields
 15099 | D:11     | Got a crystal falchion {god gift}
 15100 | D:11     | Identified the +5 falchion "Ypteteag" {vamp, rPois Str+4}
                  | (Okawaru gifted it to you on level 11 of the Dungeon)
 15144 | D:11     | Noticed a four-headed hydra
 15149 | D:11     | Killed a two-headed hydra
 15165 | Lair:1   | Entered Level 1 of the Lair of Beasts
 15299 | Lair:1   | Noticed a six-headed hydra
 15306 | Lair:1   | Killed a three-headed hydra
 16022 | Lair:1   | Reached XP level 13. HP: 114/116 MP: 14/14
 16467 | Lair:2   | Received a gift from Okawaru
 17714 | Lair:2   | Reached skill level 14 in Shields
 18511 | Lair:3   | Received a gift from Okawaru
 19449 | Lair:3   | Found a staircase to the Swamp.
 20110 | D:12     | Found Feoskun's Antique Armour Emporium.
 20789 | D:13     | Reached skill level 15 in Shields
 20824 | D:13     | Received a gift from Okawaru
 20982 | D:13     | Found a portal to a secret trove of treasure.
 21087 | D:13     | Reached skill level 15 in Long Blades
 21100 | D:13     | Reached XP level 14. HP: 80/127 MP: 15/15
 21234 | D:13     | Found a runed translucent door.
 21236 | D:13     | Noticed a sphinx
 21734 | D:13     | Found a gate to the Vaults.
 21882 | D:13     | Reached skill level 16 in Shields
 22328 | D:13     | Killed a sphinx
 22328 | D:13     | Received a gift from Okawaru
 22343 | D:13     | Got a jewelled hat {god gift}
 22354 | D:13     | Identified the +2 hat of the Hall of Blades {Slay+2}
                  | (Okawaru gifted it to you on level 13 of the Dungeon)
 22571 | Orc:1    | Entered Level 1 of the Orcish Mines
 22619 | Orc:1    | Found a roughly hewn altar of Beogh.
 22686 | Orc:1    | You fall into a shaft and drop 1 floor!
 22686 | Orc:2    | Entered Level 2 of the Orcish Mines
 22693 | Orc:2    | Found Etui's Jewellery Emporium.
 22701 | Orc:2    | Bought a +6 amulet of reflection for 585 gold pieces
 22823 | Orc:2    | Paralysed by an orc sorcerer for 2 turns
 22932 | Orc:2    | Paralysed by an orc sorcerer for 3 turns
 24488 | Orc:2    | Found Idghai's Book Boutique.
 24488 | Orc:2    | Found Ishraps's Assorted Antiques.
 24513 | Orc:2    | Found Tedghiv's Food Emporium.
 24523 | Orc:2    | Found Siedum's Jewellery Emporium.
 24550 | Orc:2    | Bought the ring of the Kangaroo {+Fly Str+7 Int+5} for 845
                  | gold pieces
 24699 | Orc:2    | Noticed Nessos
 24707 | Orc:2    | Killed Nessos
 24781 | Orc:2    | Found a staircase to the Elven Halls.
 25433 | Orc:2    | Reached skill level 17 in Shields
 25486 | Orc:1    | Noticed Urug
 25606 | Orc:2    | Killed Urug
 25606 | Orc:2    | Received a gift from Okawaru
 25814 | Orc:1    | Reached XP level 15. HP: 137/137 MP: 16/16
 26869 | D:14     | Identified the +4 ring mail of the New World {rC++} (You
                  | found it on level 14 of the Dungeon)
 27383 | D:15     | Entered Level 15 of the Dungeon
 27543 | D:15     | Found a staircase to the Depths.
 27767 | D:15     | Reached skill level 18 in Shields
 27802 | D:15     | Received a gift from Okawaru
 29150 | Lair:4   | Found a staircase to the Snake Pit.
 29630 | Lair:5   | Found the +3 salamander hide armour {+Rage rF++}
 30303 | Lair:6   | Entered Level 6 of the Lair of Beasts
 30303 | Lair:6   | Noticed Kirke
 30555 | Lair:5   | Reached skill level 15 in Armour
 30689 | Lair:6   | Killed Kirke
 30890 | Lair:6   | Received a gift from Okawaru
 30895 | Lair:6   | Reached XP level 16. HP: 147/147 MP: 17/17
 30920 | Lair:6   | Reached skill level 19 in Shields
 31285 | Lair:6   | Reached skill level 15 in Fighting
 31346 | Lair:6   | Found a hazy altar of Hepliaklqana.
 31385 | Lair:6   | Found a staircase to the Slime Pits.
 32637 | Swamp:1  | Entered Level 1 of the Swamp
 32706 | Swamp:1  | Got an ancient dagger
 33037 | Swamp:1  | Noticed Louise
 33061 | Swamp:1  | Cast into level 3 of the Abyss (Louise)
 33108 | Abyss:3  | Received a gift from Okawaru
 33111 | Abyss:3  | Got a pair of heavily runed boots {god gift}
 33202 | Abyss:3  | Gained mutation: You are dopey. (Int -2) [a neqoxec]
 33213 | Abyss:3  | Noticed a tentacled starspawn
 33236 | Abyss:3  | Killed a tentacled starspawn
 33347 | Abyss:3  | Noticed an ancient lich
 33376 | Abyss:3  | Killed an ancient lich
 33376 | Abyss:3  | Reached skill level 20 in Shields
 33379 | Abyss:3  | Noticed a tentacled starspawn
 33404 | Abyss:3  | Killed a tentacled starspawn
 33407 | Abyss:3  | HP: 7/151 [ancient zyme (7)]
 33409 | Abyss:3  | HP: 3/151 [ancient zyme (3)]
 33428 | Swamp:1  | Escaped the Abyss
 33447 | Swamp:1  | Killed Louise
 34544 | Swamp:1  | Identified the +9 dagger of Circular Logic {pierce, -Tele
                  | +Inv rF+++ Int-4} (You found it on level 1 of the Swamp)
 34555 | Swamp:1  | Identified the +0 pair of boots of the End {rF+} (Okawaru
                  | gifted it to you on level 3 of the Abyss)
 34640 | Swamp:2  | Reached XP level 17. HP: 146/158 MP: 19/19
 34837 | Swamp:2  | Received a gift from Okawaru
 36748 | Swamp:3  | Got a crystal hand crossbow
 37018 | Swamp:3  | Reached skill level 21 in Shields
 37085 | Swamp:3  | Got a crude great sword
 37086 | Swamp:3  | Identified the cursed +0 great sword "Bung" {slice, rF+
                  | Int+3} (You found it on level 3 of the Swamp)
 37088 | Swamp:3  | Identified the cursed +0 hand crossbow of the Eggplant
                  | {venom, Str+4} (You found it on level 3 of the Swamp)
 37539 | Swamp:3  | Got a steaming war axe
 37540 | Swamp:3  | Identified the +5 war axe of Seoshoho {vamp, Str+2 Dex+5}
                  | (You found it on level 3 of the Swamp)
 37591 | Swamp:3  | Received a gift from Okawaru
 37643 | Swamp:3  | Found a shimmering altar of Xom.
 37799 | Swamp:4  | Entered Level 4 of the Swamp
 38278 | Swamp:4  | Received a gift from Okawaru
 38287 | Swamp:4  | Got a faintly humming plate armour {god gift}
 38361 | Swamp:3  | Identified the +8 plate armour of Baldness {rF- Str+4}
                  | (Okawaru gifted it to you on level 4 of the Swamp)
 38441 | Swamp:4  | Noticed the 27-headed Lernaean hydra
 38962 | Swamp:4  | Got a decaying rune of Zot
 39611 | Swamp:4  | Killed the 19-headed Lernaean hydra
 39746 | Swamp:4  | Reached skill level 5 in Dodging
 40217 | Snake:1  | Entered Level 1 of the Snake Pit
 40306 | Snake:1  | Found Fiesteto's Food Shoppe.
 40312 | Snake:1  | Found Redole Qixt's Gadget Shoppe.
 40429 | Snake:1  | Found a glowing golden altar of the Shining One.
 40471 | Snake:1  | Found Futuk's Weapon Boutique.
 40546 | Snake:1  | Reached XP level 18. HP: 169/169 MP: 20/20
 40849 | Snake:2  | Found a frozen archway.
 41019 | Snake:2  | Reached skill level 22 in Shields
 41600 | Snake:2  | Received a gift from Okawaru
 41607 | Snake:2  | Got a pair of jewelled gloves {god gift}
 41618 | Snake:2  | Identified the +2 pair of gloves "Isiut" {rElec Str+7
                  | Int+4} (Okawaru gifted it to you on level 2 of the Snake
                  | Pit)
 42211 | Snake:4  | Entered Level 4 of the Snake Pit
 42297 | Snake:4  | Found Edavoit's Antique Weapon Emporium.
 42300 | Snake:4  | Found Womuhuap's Magic Scroll Emporium.
 42300 | Snake:4  | Found Punef's Antique Armour Shoppe.
 42305 | Snake:4  | Found Zozasat's Assorted Antiques.
 42324 | Snake:4  | Bought a fine cloak for 285 gold pieces
 42335 | Snake:4  | Identified the +1 cloak "Busuit" {rF+ Int+3 Dex-5} (You
                  | bought it in a shop on level 4 of the Snake Pit)
 42348 | Snake:4  | Bought 2 potions of mutation for 416 gold pieces
 42356 | Snake:4  | Bought a scroll of identify for 30 gold pieces
 42356 | Snake:4  | Bought a scroll of identify for 30 gold pieces
 42365 | Snake:4  | Bought a bloodstained scimitar for 216 gold pieces
 42366 | Snake:4  | Identified the +2 scimitar "Eria" {holy, rF+ rC+} (You
                  | bought it in a shop on level 4 of the Snake Pit)
 42871 | Snake:4  | Reached skill level 23 in Shields
 42890 | Snake:4  | Noticed Mara
 42903 | Snake:4  | Noticed Peloso's illusion
 42951 | Snake:4  | Noticed Asterion
 42962 | Snake:3  | Received a gift from Okawaru
 43368 | Snake:4  | Noticed Peloso's illusion
 43387 | Snake:3  | Noticed Peloso's illusion
 43390 | Snake:3  | Killed Mara
 43409 | Snake:4  | Gained mutation: You are clumsy. (Dex -2) [a cacodemon]
 43414 | Snake:4  | Gained mutation: You are very clumsy. (Dex -4) [a
                  | cacodemon]
 43415 | Snake:4  | Gained mutation: You are weak. (Str -2) [a cacodemon]
 43417 | Snake:4  | Lost mutation: You are weak. (Str -2) [a cacodemon]
 43618 | Snake:4  | Reached XP level 19. HP: 136/179 MP: 18/21
 43637 | Snake:4  | Killed Asterion
 44114 | Snake:4  | Got a serpentine rune of Zot
 44228 | Snake:4  | Noticed Nikola
 44235 | Snake:4  | Killed Nikola
 44235 | Snake:4  | Received a gift from Okawaru
 44416 | Snake:4  | Reached skill level 24 in Shields
 45013 | Elf:1    | Entered Level 1 of the Elven Halls
 45135 | Elf:1    | Reached skill level 1 in Evocations
 45392 | Elf:1    | Noticed Donald
 45418 | Elf:1    | Killed Donald
 45874 | Elf:1    | Noticed Roxanne
 45895 | Elf:1    | Killed Roxanne
 46293 | Elf:2    | Found a runed translucent gate.
 46295 | Elf:2    | Found a runed translucent gate.
 46295 | Elf:2    | Found a runed translucent gate.
 46910 | Elf:3    | Entered Level 3 of the Elven Halls
 47195 | Elf:3    | Got a crude chain mail
 47524 | Elf:3    | Received a gift from Okawaru
 47704 | Elf:3    | Reached skill level 25 in Shields
 47857 | Elf:3    | Identified the +1 chain mail "Xuaddes" {rF- rCorr Str+5
                  | SInv} (You found it on level 3 of the Elven Halls)
 48190 | Elf:3    | Reached XP level 20. HP: 180/189 MP: 22/22
 48355 | Elf:3    | Identified the +3 scale mail of Jygokop {rF++ SInv}
 48423 | Elf:3    | Received a gift from Okawaru
 48713 | Elf:3    | Identified the +7 flail of Icyfucig {flame, rElec}
 48752 | Elf:3    | Identified the Compendium of Ice and Companions
 48826 | Elf:3    | Got an ancient steel amulet
 48837 | Elf:3    | Identified the amulet "Athut" {Acrobat Slay+2} (You found
                  | it on level 3 of the Elven Halls)
 49935 | Elf:2    | Received a gift from Okawaru
 49969 | Elf:2    | Got a smoking hand crossbow {god gift}
 49970 | Elf:2    | Identified the +4 hand crossbow "Vetal" {elec, rC+ Str+8
                  | Int-4} (Okawaru gifted it to you on level 2 of the Elven
                  | Halls)
 50617 | Vaults:1 | Entered Level 1 of the Vaults
 51242 | Vaults:1 | Reached skill level 26 in Shields
 51330 | Vaults:1 | Received a gift from Okawaru
 51346 | Vaults:1 | Paralysed by a floating eye for 2 turns
 51355 | Vaults:1 | Paralysed by a floating eye for 3 turns
 51364 | Vaults:1 | Paralysed by a floating eye for 4 turns
 51647 | Vaults:1 | Received a gift from Okawaru
 51652 | Vaults:1 | Got a warped scimitar {god gift}
 51653 | Vaults:1 | Identified the +0 scimitar "Peaceon" {slice, rC+ rN+}
                  | (Okawaru gifted it to you on level 1 of the Vaults)
 52457 | Vaults:2 | Reached XP level 21. HP: 198/198 MP: 23/23
 52581 | Vaults:2 | Received a gift from Okawaru
 53046 | Vaults:2 | Reached skill level 27 in Shields
 53051 | Vaults:2 | Found Ficasser's Assorted Antiques.
 53195 | Vaults:2 | Received a gift from Okawaru
 53609 | Vaults:3 | Noticed Boris
 53631 | Vaults:3 | Paralysed by an ogre mage for 4 turns
 53634 | Vaults:3 | Slain by an ironheart preserver

Levels and vault maps discovered:
D:1:      ldierk_walled_garden, layout_loops_cross
D:2:      layout_rooms, nicolae_overflow_hidden_temple, serial_co_window_serial,
          co_window_paths_a, co_window_paths_a, co_window_corner_a,
          co_window_paths_b, co_window_paths_a, co_window_corner_a,
          co_window_unsneaky_path_d, co_window_broadway_a, co_window_corner_cb,
          co_window_broadway_a, co_window_unsneaky_path_b,
          co_window_unsneaky_path_a, co_window_4corner_b, co_window_paths_d,
          minmay_circle_x, uniq_jessica
D:3:      layout_basic, elyvilon_altar_3, lemuel_doored_altar,
          okawaru_ov_weapons_minmay, uniq_natasha
D:4:      layout_layer_cave, temple_doors_e, first_ration, uniq_sigmund
D:5:      layout_basic
D:6:      layout_loops_ring, minmay_overflow_temple_star_quad, serial_shops,
          shop_statue, uniq_eustachio
D:7:      layout_rooms
D:8:      layout_layer_cave, serial_shops, shop, grunt_livestock, sigmund_army,
          uniq_erica
D:9:      layout_loops_ring, lemuel_mausoleum_altar_yredelemnul,
          hiddenorc1_lemuel, lightli_bailey_entry_fortress,
          chequers_serial_rivers_small_b
D:10:     minmay_the_grid_triangle_9x9_rhombus_full
          [minmay_the_grid_triangle_9x9_flanged_cone,
          minmay_the_grid_triangle_9x9_semitri,
          minmay_the_grid_triangle_9x9_dagger,
          minmay_the_grid_triangle_9x9_descending_squares,
          minmay_the_grid_triangle_9x9_limited_checkers,
          minmay_the_grid_triangle_9x9_shrine,
          minmay_the_grid_triangle_9x9_corruption,
          minmay_the_grid_triangle_9x9_prize_insulated], layout_cave_pools
D:11:     minmay_firetagon, layout_basic, lair_entry_dummy,
          gauntlet_entry_generic, fedhas_altar_fruit_tree
D:12:     layout_gridville, serial_shops, shop
D:13:     layout_loops_ring, grunt_vaults_entry_fortified,
          nicolae_trove_entry_path_of_doom, wad_hexagon
D:14:     layout_loops_ring, chequers_serial_rivers_micro_d, grunt_potential
D:15:     hangedman_depths_entry_try_elsewhere_first, layout_loops_ring,
          hangedman_abyss_or_decor_jellyfish_corner,
          hangedman_abyss_or_decor_passed
Lair:1:   layout_loops_ring, beast_lair_carwin_2
Lair:2:   layout_gridlike, beast_lair_carwin_1, serial_bayou_shore_b
Lair:3:   minmay_lair_venomous_thicket, layout_chaotic_city,
          nicolae_swamp_entry_splash_gauntlet, serial_bayou_lagoon_b,
          lemuel_fruit_tree, lemuel_fruit_fields
Lair:4:   layout_regular_city, guppyfry_snake_entry_garden,
          grunt_forest_small_clearing_treed, grunt_megastairs_4
Lair:5:   layout_gridlike, serial_bayou_crossing
Lair:6:   evilmike_catoblepas_cave, layout_cave_pods,
          minmay_slime_entry_oklob_enclosed, basic_altar, serial_bayou_shore_b,
          uniq_kirke
Swamp:1:  layout_falls_marsh, evilmike_swamp_ruin_house_1, swamp_pool2,
          cheibrodos_swamp_slimy, uniq_louise
Swamp:2:  layout_falls_marsh, evilmike_swamp_ruin_house_2
Swamp:3:  nicolae_swamp_phyte_club, layout_basic_swamp,
          evilmike_swamp_ruin_house_4, swamp_pool1, nicolae_swamp_godswood
Swamp:4:  swamp_old_school, layout_basic_swamp, swamp_pool3
Snake:1:  layout_onion, serial_shops, shop, basic_altar, minmay_shop_star,
          serial_bayou_shore_b
Snake:2:  layout_basic, portal_ice_cave_entry_pillars_three, st_stairs_9
Snake:3:  layout_onion_interference, grunt_ministairs_13, grunt_megastairs_3
Snake:4:  johnstein_snake_rune_scales, layout_rooms, minmay_shoptagon,
          uniq_nikola, uniq_mara, uniq_asterion
Orc:1:    layout_caves, basic_altar, sword_in_stone
Orc:2:    st_orc_elflike, layout_diamond_mine, special_room,
          minmay_shop_enchanted_jewellery, nicolae_orc_flooded_monolith,
          mines5_lemuel, uniq_nessos
Elf:1:    eino_elf_arrival_shootout, layout_geoelf_diagonals,
          hangedman_elf_disciples, nicolae_elf_glass_and_crystal_pillar_1,
          uniq_donald, uniq_roxanne
Elf:2:    layout_gridlike, minivault_5
Elf:3:    minmay_elf_hall_circle, layout_gridlike, grunt_megastairs_2
Vaults:1: ontoclasm_vaults_fault, v_misc_9, v_rooms_2, v_misc_24,
          ontoclasm_vaults_bender, nicolae_vaults_big_angled_halls,
          nicolae_vaults_hallways_thing, nicolae_vaults_little_squares_3,
          nicolae_vaults_ninety_degrees, vaults_dpeg_encased_lava,
          layout_vaults_omnibox
Vaults:2: hangedman_vaults_variations, nicolae_vaults_meeting,
          ontoclasm_vaults_gateway, v_rooms_3, grunt_vaults_funnel,
          nicolae_vaults_asterisk, vaults_dpeg_diagonal, v_misc_26,
          vaults_dpeg_ring, layout_vaults_maze_snakey, serial_shops,
          nicolae_shop_competitors_out_of_business
Vaults:3: minmay_crypt_entry_simple_round, nicolae_vaults_halls_meeting,
          vaults_room_fancy_cross, nicolae_vaults_network_star,
          hangedman_vaults_cutoff, hangedman_vaults_nails,
          layout_vaults_omnigrid, uniq_boris

Skill      XL: |  1  2  3  4  5  6  7  8  9 10 11 12 13 14 15 16 17 18 19 20 21 |
---------------+----------------------------------------------------------------+-----
Armour         | 4 5 7 8 9 10 11 12 13 14 15 16 17 18 | 18.4
Shields        | 4 5 6 8 11 12 13 15 17 18 20 21 23 25 26 27 | 27.0
Fighting       | 4 5 6 7 8 10 11 12 13 14 16 17 18 19 | 19.7
Long Blades    | 3 4 5 7 8 10 11 13 14 15 16 17 18 19 | 19.7
Dodging        | 1 2 3 5 6 |  6.2
Invocations    | 1 2 3 4 |  4.3
Stealth        | 1 2 3 |  3.4
Evocations     | 1 |  1.0

Action                   |  1- 3 |  4- 6 |  7- 9 | 10-12 | 13-15 | 16-18 | 19-21 || total
-------------------------+-------+-------+-------+-------+-------+-------+-------++-------
Melee: Long sword        |    68 |   134 |   357 |       |       |       |       ||   559
       Headbutt          |    14 |    29 |    96 |   158 |   658 |   732 |   561 ||  2248
       Scimitar          |       |       |    12 |   595 |   198 |   282 |       ||  1087
       Falchion          |       |       |       |    15 |  1472 |  1673 |  1766 ||  4926
Invok: Heroism           |       |       |     9 |    22 |     9 |    12 |     2 ||    54
       Finesse           |       |       |       |     1 |       |     2 |       ||     3
 Abil: Evoke Berserk Rag |       |     1 |       |       |       |       |       ||     1
Evoke: Wand              |       |       |       |       |     6 |     1 |     1 ||     8
  Use: Potion            |     2 |       |     4 |     2 |     1 |    16 |       ||    25
       Scroll            |       |       |     8 |    10 |     9 |    17 |     5 ||    49
 Stab: Fleeing           |       |       |       |       |     1 |       |       ||     1
       Paralysed         |       |       |       |       |     3 |       |       ||     3
       Petrified         |       |       |       |       |     8 |       |       ||     8
  Eat: Chunk             |       |     6 |    12 |    23 |    37 |    24 |    28 ||   130
       Ration            |       |     1 |       |     2 |     4 |     5 |     2 ||    14
Armor: Scale mail        |    18 |       |       |       |       |       |       ||    18
       Chain mail        |    26 |    70 |   156 |     4 |       |       |       ||   256
       Plate armour      |       |       |    22 |   214 |   314 |   191 |   370 ||  1111
       Crystal plate arm |       |       |       |       |   189 |   474 |       ||   663
       Swamp dragon scal |       |       |       |       |       |   118 |       ||   118
Dodge: Dodged            |    20 |    34 |   102 |   184 |   340 |   433 |   193 ||  1306
       Deflected         |       |       |     4 |    61 |    17 |       |       ||    82
Block: Shield            |    31 |    67 |   250 |   490 |  1243 |  1860 |       ||  3941
       Reflection        |       |       |       |       |    23 |   142 |   181 ||   346
       Other             |       |       |       |       |     1 |       |       ||     1
       Large shield      |       |       |       |       |       |   145 |  2189 ||  2334
       Rpst.: Long sword |     4 |     8 |    29 |       |       |       |       ||    41
       Scimitar          |       |       |     1 |    27 |    22 |    17 |       ||    67
       Falchion          |       |       |       |     1 |    48 |    51 |    20 ||   120
